 Dungeon Crawl Stone Soup version 0.29-a0-1008-g949cc1d0fb (webtiles) character file.

Game seed: 6974753019367849307

3424 drpainis the Cleaver (level 10, -3/77 HPs)
             Began as a Hill Orc Fighter on Aug 7, 2022.
             Was a Believer of Hepliaklqana.
             Slain by a meliai
             ... wielding a +0 war axe
              (5 damage)
             ... on level 9 of the Dungeon.
             The game lasted 00:12:45 (12249 turns).

drpainis the Cleaver (Hill Orc Fighter)            Turns: 12249, Time: 00:12:45

Health: -3/77      AC: 13    Str: 22    XL:     10   Next: 5%
Magic:  10/10      EV:  8    Int:  8    God:    Hepliaklqana [**....]
Gold:   471        SH:  0    Dex: 12    Spells: 9/9 levels left

rFire   . . .      SeeInvis +   g - +5 dire flail "Orb Guardian's Death" {flame, rElec SInv Stlth-}
rCold   + . .      Faith    .   (shield currently unavailable)
rNeg    . . .      Spirit   .   k - +1 chain mail
rPois   +          Reflect  .   x - +0 helmet
rElec   +          Harm     .   (no cloak)
rCorr   .          Rampage  .   (no gloves)
Will    .....                   (no boots)
Stlth   ..........              (no amulet)
HPRegen 0.22/turn               r - ring of poison resistance
MPRegen 0.12/turn               s - ring of protection from cold

@: no status effects
A: reduced essence
a: Renounce Religion, Ancestor Life: Knight, Ancestor Life: Battlemage, Ancestor
Life: Hexer, Recall Ancestor, Ancestor Identity


You were on level 9 of the Dungeon.
You worshipped Hepliaklqana.
Hepliaklqana was pleased with you.
You visited 2 branches of the dungeon, and saw 10 of its levels.

You collected 471 gold pieces.

Inventory:

Hand Weapons
 a - a +0 war axe
 g - the +5 dire flail "Orb Guardian's Death" (weapon) {flame, rElec SInv Stlth-}
   (You found it on level 8 of the Dungeon)

   It burns those it strikes, dealing additional fire damage.
   rElec:     It insulates you from electricity.
   SInv:      It lets you see invisible.
   Stlth:     It makes you less stealthy.
Missiles
 G - 27 poisoned darts (quivered)
 H - a throwing net
Armour
 b - a +0 scale mail
 c - a +0 buckler
 k - a +1 chain mail (worn)
 q - a +1 ring mail of cold resistance
 x - a +0 helmet (worn)
 O - +0 acid dragon scales
Jewellery
 r - a ring of poison resistance (left hand)
 s - a ring of protection from cold (right hand)
 u - a +6 ring of strength
 C - a ring of protection from fire
 E - an amulet of regeneration
 M - a +4 ring of evasion
Wands
 J - a wand of paralysis (7)
 K - a wand of iceblast (5)
 L - a wand of flame (4)
Scrolls
 e - 5 scrolls of noise
 h - 2 scrolls of vulnerability
 l - a scroll of amnesia {unknown}
 n - 2 scrolls of teleportation
 o - 2 scrolls of fear {unknown}
 t - a scroll of fog {unknown}
 y - a scroll of summoning {unknown}
 A - a scroll of enchant armour
 D - a scroll of poison {unknown}
 I - a scroll of magic mapping {unknown}
 N - a scroll of identify
Potions
 d - 2 potions of might
 f - 2 potions of invisibility
 i - a potion of resistance {unknown}
 j - 2 potions of attraction {unknown}
 m - 3 potions of haste
 p - 3 potions of berserk rage
 v - 2 potions of lignification {unknown}
 w - a potion of mutation {unknown}
 z - 3 potions of flight
 B - 2 potions of degeneration {unknown}
 F - a potion of cancellation {unknown}


   Skills:
 + Level 7.4 Fighting
 + Level 11.7(12.1) Axes
 + Level 3.8(7.4) Maces & Flails
 + Level 8.9 Armour
 + Level 1.7 Dodging
 + Level 0.3 Stealth
 + Level 4.7 Shields


You had 9 spell levels left.
You didn't know any spells.
Your spell library contained the following spells:

 Spells                   Type           Power      Damage    Failure   Level
 Magic Dart               Conj           0%         1d3       95%         1
 Shock                    Conj/Air       0%         1d3       95%         1
 Summon Small Mammal      Summ           0%         N/A       95%         1
 Call Imp                 Summ           0%         N/A       99%         2
 Poisonous Vapours        Pois/Air       0%         N/A       99%         2
 Call Canine Familiar     Summ           0%         N/A       100%        3
 Ignite Poison            Fire/Tmut/Pois 0%         N/A       100%        3
 Mephitic Cloud           Conj/Pois/Air  0%         N/A       100%        3
 Summon Guardian Golem    Hex/Summ       0%         N/A       100%        3
 Swiftness                Air            0%         N/A       100%        3
 Airstrike                Air            0%         2d(0-16)  100%        4
 Corpse Rot               Necr/Pois/Air  0%         N/A       100%        4
 Freezing Cloud           Conj/Ice/Air   0%         6-21      100%        5


Dungeon Overview and Level Annotations

Branches:
Dungeon (9/15)             Temple (1/1) D:4
   Lair: D:8-11         Orc: D:9-12

Altars:
Ashenzari
Cheibriados
Dithmenos
Elyvilon
Fedhas
Gozag
Hepliaklqana
Kikubaaqudgha
Makhleb
Nemelex Xobeh
Okawaru
Ru
Sif Muna
Trog
Uskayaw
Vehumet
Wu Jian
Xom
Yredelemnul
Zin
The Shining One

Shops:
D:4 *   D:7 :


Message History

The meliai stings chud but does no damage.
The meliai barely misses chud. x2
A meliai comes into view.
It is wielding a +0 hand axe of freezing.
Chud closely misses the meliai.
An orc comes into view. It is wielding a +0 dagger.
You closely miss the orc.
The meliai hits chud with a +0 hand axe!
The meliai stings chud but does no damage.
The meliai hits chud with a +0 hand axe!
The meliai stings chud!
Chud is destroyed!
The orc hits you with a +2 dagger of freezing.
You hit the orc. You burn the orc.
The orc is heavily wounded.
The meliai calls down the wrath of its god upon you.
Something smites you!
The meliai calls down the wrath of its god upon you.
Something smites you! The orc closely misses you.
You hit the orc. You burn the orc.
You kill the orc!
The meliai closely misses you. x2; The meliai hits you but does no damage.
The meliai stings you but does no damage.
The meliai hits you with a +0 war axe.
The meliai stings you but does no damage.
The meliai hits you but does no damage. The meliai stings you.
The meliai attacks as you move away! The meliai hits you with a +0 hand axe!
The meliai barely misses you. The meliai attacks as you move away!
The meliai hits you but does no damage. The meliai stings you.
The meliai calls down the wrath of its god upon you.
Something smites you!
* * * LOW HITPOINT WARNING * * *
The meliai hits you with a +0 war axe.
* * * LOW HITPOINT WARNING * * *
The meliai stings you!
* * * LOW HITPOINT WARNING * * *
Okay, then.
Unknown command.
Unknown command.
The meliai hits you with a +0 war axe.
You die...

#........ .# #........ .#
#####..## .# ####
########.# ###....##..
##......##.#
#........#.###############
#........@................
........yy................
......oy.#...#############
.......oo#..##
.........#..#
.......o.##.#
#.......###.# #..<...##
#.# #.....# #.#


You could see an orc warrior, 3 meliai and 3 orcs.

Vanquished Creatures
  3 orc warriors
  A black bear (D:7)
  An ice beast (D:6)
  A sky beast (D:6)
  An ogre (D:6)
  4 centaurs
  2 phantoms
  3 kobold brigands
  A necrophage (D:5)
  A bullfrog (D:7)
  6 scorpions
  3 wights (D:9)
  5 killer bees
  2 howler monkeys (D:7)
  A jelly (D:5)
  3 orc priests
  2 hounds
  4 iguanas
  9 orc wizards
  6 gnolls
  10 adders
  A white imp (D:5)
  3 worms
  25 orcs
  5 endoplasms
  2 giant cockroaches
  7 goblins
  3 hobgoblins
  6 jackals
  2 quokkas
  9 ball pythons
  6 bats
  7 frilled lizards
  22 kobolds
  4 rats
171 creatures vanquished.

Vanquished Creatures (collateral kills)
  A steam dragon (D:8)
  2 centaurs
  A bullfrog (D:8)
  A killer bee (D:8)
  A hound (D:6)
  An orc wizard (D:8)
  An ufetubus (D:7)
8 creatures vanquished.

Vanquished Creatures (others)
  7 ancestors
  An orc (D:8)
8 creatures vanquished.

Grand Total: 187 creatures vanquished

Notes
Turn   | Place    | Note
-------+----------+-------------------------------------------
     0 | D:1      | drpainis the Hill Orc Fighter began the quest for the Orb.
     0 | D:1      | Reached XP level 1. HP: 19/19 MP: 1/1
   401 | D:1      | Reached XP level 2. HP: 27/27 MP: 2/2
   891 | D:1      | Reached skill level 3 in Axes
  1219 | D:2      | Reached XP level 3. HP: 32/33 MP: 3/3
  1628 | D:2      | Reached skill level 4 in Axes
  1831 | D:2      | Found a shimmering blue altar of Sif Muna.
  2039 | D:2      | Reached XP level 4. HP: 38/40 MP: 4/4
  3029 | D:3      | Reached XP level 5. HP: 46/46 MP: 5/5
  3228 | D:4      | Reached skill level 5 in Axes
  3721 | D:4      | Found Xecoy's Lightly-Used Armoury.
  4040 | D:4      | Reached skill level 5 in Armour
  4040 | D:4      | Reached XP level 6. HP: 34/52 MP: 6/6
  4330 | D:4      | Found a staircase to the Ecumenical Temple.
  4344 | Temple   | Entered the Ecumenical Temple
  4602 | Temple   | Became a worshipper of Hepliaklqana the Forgotten
  4836 | D:4      | Reached skill level 6 in Axes
  4875 | D:5      | Entered Level 5 of the Dungeon
  5313 | D:5      | Reached skill level 7 in Axes
  5558 | D:5      | Reached XP level 7. HP: 56/60 MP: 7/7
  6039 | D:6      | Reached skill level 8 in Axes
  6411 | D:5      | Reached skill level 5 in Fighting
  6663 | D:6      | Reached skill level 9 in Axes
  6663 | D:6      | Reached XP level 8. HP: 39/68 MP: 8/8
  6904 | D:6      | Reached * piety under Hepliaklqana
  6980 | D:6      | Reached skill level 1 in Dodging
  8619 | D:7      | Reached skill level 10 in Axes
  8696 | D:7      | Reached XP level 9. HP: 59/67 MP: 9/9
  9055 | D:7      | Found a broken altar of Ashenzari.
  9057 | D:7      | Found an ancient bone altar of Kikubaaqudgha.
  9057 | D:7      | Found a sacrificial altar of Ru.
  9057 | D:7      | Found a snail-covered altar of Cheibriados.
  9059 | D:7      | Found an opulent altar of Gozag.
  9060 | D:7      | Found an iron altar of Okawaru.
  9080 | D:7      | Found Pinaryo's Book Shoppe.
  9176 | D:7      | Reached skill level 11 in Axes
  9842 | D:8      | Found a blossoming altar of Fedhas.
 10281 | D:8      | Identified the +5 dire flail "Orb Guardian's Death" {flame,
                  | rElec SInv Stlth-}
 11056 | D:8      | Reached skill level 1 in Maces & Flails
 11737 | D:9      | Reached ** piety under Hepliaklqana
 11834 | D:9      | Reached XP level 10. HP: 30/77 MP: 10/10
 12248 | D:9      | HP: 2/77 [meliai/+0 war axe (9)]
 12249 | D:9      | Slain by a meliai

Illustrated notes

Levels and vault maps discovered:
D:1:      elethiomel_arrival_quiet, layout_basic
D:2:      layout_loops_ring, basic_altar, grunt_decor_junction,
          chequers_serial_rivers_marsh, minmay_shallow_snake_nest
D:3:      layout_loops_corners
D:4:      layout_basic, minmay_temple_entry_hall, hangedman_decor_peaks_small,
          minmay_shop_damaged
D:5:      minmay_general_purpose_star, layout_basic
D:6:      layout_gridville
D:7:      layout_basic, grunt_temple_overflow_open, serial_shops,
          nicolae_square_shop
D:8:      layout_basic, mainiacjoe_overflow_tiny_flanked
D:9:      layout_cave_pods, hiddenorc1_lemuel
Temple:   eino_narrow_crystal_temple

Skill      XL: |  1  2  3  4  5  6  7  8  9 |
---------------+----------------------------+-----
Axes           | 3 4 5 7 9 10 11 | 11.7
Fighting       | 4 5 6 7 |  7.4
Armour         | 4 5 7 8 |  8.9
Shields        | 4 |  4.7
Dodging        | 1 |  1.7
Maces & Flails | 3 |  3.8
Stealth        | |  0.3

Action                   |  1- 3 |  4- 6 |  7- 9 | 10-12 || total
-------------------------+-------+-------+-------+-------++-------
Melee: War axe           |   118 |   165 |   199 |       ||   482
       Dire flail        |       |       |    55 |    11 ||    66
Invok: Ancestor Identity |       |       |     1 |       ||     1
  Use: Scroll            |       |     6 |     4 |       ||    10
       Potion            |       |     2 |     8 |       ||    10
Armor: Chain mail        |   101 |   112 |   198 |     8 ||   419
       Scale mail        |     1 |       |       |       ||     1
Dodge: Dodged            |    46 |    57 |   117 |     6 ||   226
Block: Buckler           |    41 |    36 |    56 |       ||   133

Table legend: (Time is in decaauts)
 A = Elapsed time spent in this place.
 B = Non-inter-level travel time spent in this place.
 C = Inter-level travel time spent in this place.
 D = Time resting spent in this place.
 E = Time spent auto-exploring this place.
 F = Levels seen in this place.
 G = Mean time per level.
                   A        B        C        D        E       F      G
               +--------+--------+--------+--------+--------+-----+--------+
         Total |  12378 |  12246 |    132 |   4248 |   5998 |  10 | 1237.8 |
       Dungeon |  12105 |  11973 |    132 |   4248 |   5794 |   9 | 1345.0 |
        Temple |    272 |    272 |      0 |      0 |    204 |   1 |  272.0 |
               +--------+--------+--------+--------+--------+-----+--------+

Top non-repeatable levels by time:
     D:6: 2324 daAuts
     D:8: 1617 daAuts
     D:5: 1437 daAuts
     D:4: 1403 daAuts
     D:2: 1313 daAuts
     D:7: 1243 daAuts
     D:1: 1066 daAuts
     D:3: 897 daAuts
     D:9: 802 daAuts
  Temple: 272 daAuts
